 Dungeon Crawl Stone Soup version 0.32-a0-607-g64ea0e4219 (webtiles) character file.

Game seed: 2838928515419720708

27433 Shayle the Fighter (level 13, -14/93 (156) HPs)
             Began as a Coglin Alchemist on Mar 3, 2024.
             Was an Initiate of Gozag.
             Demolished by a minotaur
             ... wielding the +13 scythe of Curses {drain, curses, ^Drain}
              (18 damage)
             ... in a Gauntlet on Mar 4, 2024.
             The game lasted 01:11:58 (13092 turns).

Shayle the Fighter (Coglin Alchemist)              Turns: 13092, Time: 01:11:58

HP:   -14/93 (156)  AC: 26    Str:  2 (10) XL:     13   Next: 32%
MP:   18/18         EV:  2    Int: 16      God:    Gozag
Gold: 1090          SH:  0    Dex: 17      Spells: 7/19 levels left

rFire   + . .        g - +4 trident "Itsuhaw" {flame, +Blink rElec rCorr}
rCold   + . .        w - +4 dagger (speed) {Luis}
rNeg    . . .        m - melded +1 steam dragon scales
rPois   +            H - melded +0 helmet of the Vacuum {rElec rPois Will+ Slay+3}
rElec   +            (cloak currently unavailable)
rCorr   +            (gloves currently unavailable)
SInv    .            (boots currently unavailable)
Will    .....        (no amulet)
Stlth   ++++         (no ring)
HPRegen 0.35/turn    (no ring)
MPRegen 0.16/turn    (no gizmo)

%: no teleportation
@: mighty, brilliant, tree-form, resistant, slowed, very heavily drained,
invisible (expiring), very slow
A: stationary, stasis, torment immunity, boosted hp, off-hand wielding, slow
wielding, warmup strikes, (no jewellery)
a: Invent Gizmo, Renounce Religion, Evoke Blink, Potion Petition, Call Merchant,
Bribe Branch


You were in a Gauntlet.
You worshipped Gozag.
Gozag was most pleased with you.
You were a tree.
You visited 3 branches of the dungeon, and saw 13 of its levels.
You also visited: Bailey and Gauntlet.

You collected 2756 gold pieces.
You spent 472 gold pieces at shops.
You paid 1194 gold pieces to Gozag.

Inventory:

Hand Weapons
 g - the +4 trident "Itsuhaw" (weapon) {flame, +Blink rElec rCorr}
   (You found it on level 2 of the Dungeon)

   rElec:     It insulates you from electricity.
   +Blink:    It lets you blink.
   rCorr:     It protects you from acid and corrosion.
 q - a +0 broad axe of flaming
 w - a +4 dagger of speed (offhand) {Luis}
 E - the +1 hand axe of Diet Blood {venom, ^Drain Will+ Int+2}
   (You found it on level 8 of the Dungeon)

   Int+2:     It affects your intelligence (+2).
   Will+:     It increases your willpower.
   ^Drain:    It drains your maximum health when unequipped.
 G - a +6 broad axe
 I - the +2 hand axe of the Jester {flame, *Slow rElec rN++ Str+3}
   (You found it in a bailey)

   Str+3:     It affects your strength (+3).
   rElec:     It insulates you from electricity.
   rN++:      It greatly protects you from negative energy.
   *Slow:     It may slow you when you take damage.
 J - a +2 heavy hand axe
 Q - a +4 war axe
Missiles
 O - a curare-tipped dart
Armour
 k - the +2 leather armour "Uhiacuuw" {rElec rC- Will++ MP+9}
   (You found it on level 7 of the Dungeon)

   rC-:       It makes you vulnerable to cold.
   rElec:     It insulates you from electricity.
   Will++:    It greatly increases your willpower.
   MP+9:      It affects your magic capacity (+9).
 l - a +2 robe of cold resistance
 m - +1 steam dragon scales (melded)
 H - the +0 helmet of the Vacuum (melded) {rElec rPois Will+ Slay+3}
   (You acquired it in a bailey)

   Slay+3:    It affects your accuracy & damage with ranged weapons and melee
   (+3).
   rElec:     It insulates you from electricity.
   rPois:     It protects you from poison.
   Will+:     It increases your willpower.
 R - a +2 hat
Wands
 r - a wand of iceblast (11)
 s - a wand of flame (24)
Scrolls
 a - 2 scrolls of fear {unknown}
 c - 2 scrolls of immolation
 e - 3 scrolls of fog
 j - a scroll of vulnerability
 n - 3 scrolls of teleportation
 v - 2 scrolls of blinking
 x - 3 scrolls of amnesia
 y - a scroll of silence {unknown}
 F - a scroll of summoning {unknown}
 K - a scroll of poison
 P - a scroll of torment {unknown}
Potions
 b - 5 potions of magic
 d - a potion of heal wounds
 f - 2 potions of brilliance
 h - 2 potions of degeneration
 i - a potion of enlightenment
 o - a potion of attraction {unknown}
 z - 2 potions of lignification
 A - 3 potions of haste {unknown}
 B - 3 potions of resistance {unknown}
 C - 2 potions of ambrosia
 D - 5 potions of curing
 L - 3 potions of mutation {unknown}
 N - a potion of berserk rage


   Skills:
 - Level 10.4 Fighting
 - Level 9.5 Polearms
 + Level 4.5 Armour
 - Level 9.0 Dodging
 - Level 9.0 Stealth
 - Level 3.7 Spellcasting
 + Level 4.6 Conjurations
 + Level 2.6 Fire Magic
 + Level 4.4 Air Magic
 - Level 3.2 Alchemy


You had 7 spell levels left.
You knew the following spells:

 Your Spells              Type           Power      Damage    Failure   Level
a - Sting                 Conj/Alch      92%        1d8       3%          1
b - Mephitic Cloud        Conj/Alch/Air  24%        N/A       10%         3
c - Olgreb's Toxic Radia  Alch           20%        N/A       41%         4
d - Sticky Flame          Fire/Alch      18%        2d6       45%         4

Your spell library contained the following spells:

 Spells                   Type           Power      Damage    Failure   Level
 Mercury Vapours          Alch/Air       46%        N/A       5%          2
 Apportation              Tloc           8%         N/A       17%         1
 Jinxbite                 Hex            8%         N/A       26%         2
 Inner Flame              Hex/Fire       10%        N/A       30%         3
 Confusing Touch          Hex            4%         N/A       45%         3
 Ozocubu's Armour         Ice            4%         N/A       45%         3
 Irradiate                Conj/Alch      11%        3d15      67%         5
 Alistair's Intoxication  Alch           13%        N/A       77%         5
 Anguish                  Hex/Necr       2%         N/A       86%         4
 Dimensional Bullseye     Hex/Tloc       2%         N/A       86%         4
 Lee's Rapid Deconstruct  Erth           2%         3d4*      99%         5
 Metabolic Englaciation   Hex/Ice        2%         N/A       99%         5
 Sculpt Simulacrum        Ice/Alch       6%         N/A       100%        6
 Ignition                 Fire           8%         3d5       100%        8


Dungeon Overview and Level Annotations

Branches:
Dungeon (9/15)             Temple (1/1) D:5            Lair (3/5) D:8
 Shoals (0/4) Lair:2        Snake (0/4) Lair:3       Bailey (visited)
Gauntlet (1/1)
    Orc: D:9-12

Altars:
Ashenzari
Cheibriados
Dithmenos
Elyvilon
Fedhas
Gozag
Hepliaklqana
Kikubaaqudgha
Makhleb
Nemelex Xobeh
Okawaru
Qazlal
Ru
Sif Muna
Trog
Uskayaw
Vehumet
Wu Jian
Xom
Yredelemnul
Zin
The Shining One

Shops:
D:4 *   D:5 *

Annotations:
D:3 2 transporters, AutarchDCSS's ghost, amateur DsFi
D:5 exclusion: statue Gauntlet 7 transporters


Innate Abilities, Weirdness & Mutations

You are a tree.
Your roots penetrate the ground, keeping you stationary.
You cannot be teleported.
You are immune to unholy pain and torment.
Your maximum health is greatly increased.
Your equipment is partially melded.
You can wield a second weapon in your off-hand.
It takes a long time for you to wield or remove held weapons.
Your first few attacks do less damage.
((You cannot equip rings or amulets.))


Message History

You puncture the minotaur with the +4 trident "Itsuhaw"!
You burn the minotaur.
The minotaur is almost dead.
The minotaur is engulfed in noxious fumes.
Aiming: Iceblast
Press: ? - help, Shift-Dir - straight line, f/p - minotaur
Aim: a minotaur, wielding the +13 scythe of Curses {drain, curses, ^Drain}, wearing a +0 plate armour and quivering javelins (noxious fumes, almost dead, unable to see you)
The mass of ice explodes!
The iceblast engulfs the minotaur.
The minotaur is almost dead.
You flicker for a moment.
The minotaur is engulfed in noxious fumes.
The minotaur throws a javelin.
The javelin pierces through you but does no damage.
The minotaur is engulfed in noxious fumes.
The minotaur hits you from afar with the +13 scythe of Curses!!
You feel drained.
* * * LOW HITPOINT WARNING * * *
You feel a surge of unholy energy.
Aiming: Iceblast
Press: ? - help, Shift-Dir - straight line, f/p - minotaur
Aim: a minotaur, wielding the +13 scythe of Curses {drain, curses, ^Drain}, wearing a +0 plate armour and quivering javelins (almost dead, unable to see you)
The mass of ice explodes!
The iceblast engulfs the minotaur but does no damage.
The minotaur is almost dead.
The minotaur throws a javelin.
The javelin pierces through you.
* * * LOW HITPOINT WARNING * * *
Aiming: Iceblast
Press: ? - help, Shift-Dir - straight line, f/p - minotaur
Aim: a minotaur, wielding the +13 scythe of Curses {drain, curses, ^Drain}, wearing a +0 plate armour and quivering javelins (almost dead, unable to see you)
The mass of ice explodes!
The iceblast engulfs the minotaur but does no damage.
The minotaur is almost dead.
The minotaur hits you from afar with the +13 scythe of Curses!
* * * LOW HITPOINT WARNING * * *
You feel drained.
* * * LOW HITPOINT WARNING * * *
You feel weird for a moment.
The minotaur hits you from afar with the +13 scythe of Curses!!
You die...
Your body crumbles into a pile of gold.

#...©#.ß.#...##....#
#©..ß#.⌠.#.ß.##.##.#
######.ß.#.©....##.#
##G..#...#.ß.##.##.# #
.##..#...#.©.##....#.#
..##.#.ß.#.ß.##.##.#.#
#©.#.#.∩.#.©....##.'...H≈#
##...#.ß.#.ß.##.##H#.#.≈≈#
"##..#...#.©.##.♣..#.# ≈#
.©##.#...#.ß.##.##°# #
######.ß.#.©....##.#
#©..ß#.⌠.#.ß.##.##.#
#...©#.ß.#...##....#
#©..ß#...#...#### ##
######...#≈≈≈#
.Z.kZ#..###≈## ..##.#.##
##


You could see a minotaur (unable to see you).

Vanquished Creatures
  Gastronok (Lair:1)
  An orc warlord (Bailey)
  A hydra (Lair:2)
  A catoblepas (Gauntlet)
  6 death yaks (Lair:1)
  Amaemon (D:9)
  Maurice (D:9)
  2 ugly things
  A merfolk siren (Lair:2)
  5 elephants (Lair:1)
  An orange demon (D:9)
  4 black mambas
  A torpor snail (Lair:2)
  Joseph (D:9)
  A kobold demonologist (D:9)
  A gargoyle (Gauntlet)
  3 cane toads
  Maggie (D:7)
  5 komodo dragons
  A polar bear (Lair:2)
  A hornet (D:9)
  A merfolk (Lair:2)
  Grinder (D:3)
  Prince Ribbit (D:9)
  A shadow (D:9)
  4 steam dragons
  20 yaks
  6 humans (D:8)
  5 wyverns
  2 basilisks
  7 water moccasins
  2 laughing skulls (Gauntlet)
  6 orc warriors
  A black bear (D:6)
  2 ice beasts
  16 wolves
  3 centaurs
  2 ogres (D:6)
  A phantom (D:6)
  4 kobold brigands
  8 bullfrogs
  3 scorpions
  11 killer bees (D:8)
  2 howler monkeys (D:7)
  An electric eel (Lair:2)
  2 hounds (D:6)
  3 bombardier beetles
  A jelly (D:6)
  A gnoll bouda (D:5)
  4 orc priests
  2 sleepcaps
  Jessica (D:2)
  3 orc wizards
  2 iguanas (D:5)
  18 gnolls
  6 adders
  A shadow imp (D:6)
  A white imp (D:5)
  An ufetubus (D:7)
  A dart slug (D:4)
  20 orcs
  6 ball pythons
  An endoplasm (D:4)
  3 giant cockroaches
  10 goblins
  8 hobgoblins
  6 jackals
  2 quokkas
  4 bats
  3 frilled lizards
  25 kobolds
  4 rats
289 creatures vanquished.

Vanquished Creatures (others)
  An ufetubus (D:7)
1 creature vanquished.

Grand Total: 290 creatures vanquished

Notes
Turn   | Place    | Note
-------+----------+-------------------------------------------
     0 | D:1      | Shayle the Coglin Alchemist began the quest for the Orb.
     0 | D:1      | Reached XP level 1. HP: 13/13 MP: 3/3
   335 | D:2      | Identified the +4 trident "Itsuhaw" {flame, +Blink rElec
                  | rCorr}
   370 | D:1      | Reached XP level 2. HP: 17/20 MP: 4/4
   697 | D:1      | Found a faded altar of an unknown god.
   776 | D:1      | Reached skill level 1 in Fighting
  1097 | D:2      | Reached XP level 3. HP: 21/26 MP: 5/5
  1169 | D:2      | Noticed Jessica
  1175 | D:2      | Killed Jessica
  1176 | D:2      | Reached skill level 1 in Polearms
  1176 | D:2      | Reached XP level 4. HP: 32/32 MP: 6/6
  1486 | D:3      | Reached skill level 2 in Fighting
  1514 | D:3      | Noticed a phantom
  1521 | D:3      | Found a transporter.
  1523 | D:3      | Noticed AutarchDCSS's ghost (amateur DsFi)
  1524 | D:3      | Found a transporter.
  1623 | D:4      | Found a stormy altar of Qazlal.
  1634 | D:4      | Learned a level 3 spell: Mephitic Cloud
  1698 | D:4      | Reached XP level 5. HP: 30/38 MP: 7/7
  2083 | D:3      | Found a sparkling altar of Nemelex Xobeh.
  2164 | D:3      | Got the Grimoire of the Quarry and Hexing
  2236 | D:3      | Noticed Grinder
  2354 | D:3      | Paralysed by Grinder for 5 turns
  2360 | D:3      | Killed Grinder
  2361 | D:3      | Reached skill level 3 in Fighting
  2361 | D:3      | Reached XP level 6. HP: 10/47 MP: 8/8
  2500 | D:3      | Found a bloodstained altar of Trog.
  2500 | D:3      | Found a shimmering altar of Xom.
  2507 | D:3      | Found an ornate altar of the Wu Jian Council.
  2686 | D:4      | Found Wotowu's Assorted Antiques.
  2692 | D:4      | Bought a scroll labelled FEKIULAOKK for 29 gold pieces
  2692 | D:4      | Bought a scroll labelled ZEWKOUFYOJO for 29 gold pieces
  2692 | D:4      | Bought a scroll labelled VENORO NOLUEFEDGHIC for 29 gold
                  | pieces
  2692 | D:4      | Bought a scroll labelled MOT CEYBEUN for 29 gold pieces
  2692 | D:4      | Bought a bubbling green potion for 26 gold pieces
  2786 | D:4      | Reached XP level 7. HP: 51/52 MP: 9/9
  3025 | D:5      | Entered Level 5 of the Dungeon
  3094 | D:5      | Found Ecsin's General Store.
  3358 | D:5      | Found a staircase to the Ecumenical Temple.
  3367 | Temple   | Entered the Ecumenical Temple
  3375 | Temple   | Became a worshipper of Gozag Ym Sagoz the Greedy
  3472 | D:5      | Found a radiant altar of Vehumet.
  3798 | D:5      | Reached skill level 4 in Fighting
  4140 | D:5      | Found a white marble altar of Elyvilon.
  4264 | D:6      | Reached XP level 8. HP: 47/60 MP: 10/10
  4739 | D:6      | Reached skill level 5 in Fighting
  4803 | D:6      | Reached skill level 5 in Dodging
  4809 | D:6      | Reached skill level 5 in Stealth
  5339 | D:6      | Reached XP level 9. HP: 53/68 MP: 11/11
  5571 | D:7      | Reached skill level 5 in Polearms
  5692 | D:7      | Identified the +2 leather armour "Uhiacuuw" {rElec rC-
                  | Will++ MP+9}
  5783 | D:7      | Noticed Maggie
  5829 | D:7      | Killed Maggie
  5937 | D:7      | Reached skill level 6 in Fighting
  6845 | D:8      | Found a flagged portal.
  6855 | D:8      | Identified the +1 hand axe of Diet Blood {venom, ^Drain
                  | Will+ Int+2}
  6859 | Bailey   | Entered a bailey
  6901 | Bailey   | Noticed an orc warlord
  6994 | Bailey   | Reached XP level 10. HP: 60/77 MP: 4/12
  7005 | Bailey   | Found a runed translucent gate.
  7018 | Bailey   | Found a runed translucent gate.
  7029 | Bailey   | Found a runed translucent gate.
  7229 | Bailey   | Killed an orc warlord
  7230 | Bailey   | Reached skill level 7 in Fighting
  7334 | Bailey   | Identified the +2 hand axe of the Jester {flame, *Slow
                  | rElec rN++ Str+3}
  7337 | Bailey   | Acquired the +0 helmet of the Vacuum {rElec rPois Will+
                  | Slay+3}
  7439 | D:8      | Found a staircase to the Lair.
  8096 | D:9      | Noticed Prince Ribbit
  8097 | D:9      | Noticed Maurice
  8099 | D:9      | Killed Prince Ribbit
  8107 | D:9      | Killed Maurice
  8108 | D:9      | Reached skill level 8 in Fighting
  8153 | D:9      | Noticed Joseph
  8164 | D:9      | Killed Joseph
  8196 | D:9      | Found Syruteom's Distillery.
  8204 | D:9      | Bought a potion of might for 44 gold pieces
  8204 | D:9      | Bought a potion of curing for 33 gold pieces
  8204 | D:9      | Bought a potion of degeneration for 11 gold pieces
  8204 | D:9      | Bought 2 potions of lignification for 66 gold pieces
  8204 | D:9      | Bought a potion of curing for 33 gold pieces
  8204 | D:9      | Bought a potion of berserk rage for 55 gold pieces
  8204 | D:9      | Bought a potion of curing for 33 gold pieces
  8204 | D:9      | Bought a potion of heal wounds for 55 gold pieces
  8217 | D:9      | Reached XP level 11. HP: 86/86 MP: 13/13
  8232 | D:9      | Identified the +0 kite shield "Yxtemeur" {rN++ Str+7 Dex+2}
  8740 | D:9      | Noticed a cyan ugly thing
  8752 | D:9      | Killed a cyan ugly thing
  9142 | D:9      | Noticed Amaemon
  9156 | D:9      | Killed Amaemon
  9157 | D:9      | Reached skill level 9 in Fighting
  9399 | Lair:1   | Entered Level 1 of the Lair of Beasts
  9735 | Lair:1   | Reached XP level 12. HP: 66/96 MP: 3/14
 10007 | Lair:1   | Reached skill level 1 in Conjurations
 10023 | Lair:1   | Reached skill level 1 in Armour
 10023 | Lair:1   | Reached skill level 1 in Air Magic
 10526 | Lair:1   | Noticed a death yak
 10537 | Lair:1   | Noticed a death yak
 10757 | Lair:1   | Noticed Gastronok
 10781 | Lair:1   | Killed Gastronok
 10782 | Lair:1   | Reached skill level 10 in Fighting
 10947 | Lair:1   | Noticed a death yak
 10947 | Lair:1   | Noticed a death yak
 10950 | Lair:1   | Noticed a death yak
 10952 | Lair:1   | Killed a death yak
 10956 | Lair:1   | Noticed a death yak
 10972 | Lair:1   | Killed a death yak
 10983 | Lair:1   | Killed a death yak
 10996 | Lair:1   | Killed a death yak
 11003 | Lair:1   | Killed a death yak
 11012 | Lair:1   | Killed a death yak
 11565 | Lair:2   | Noticed a seven-headed hydra
 11816 | Lair:2   | Learned a level 4 spell: Olgreb's Toxic Radiance
 11821 | Lair:2   | Learned a level 4 spell: Sticky Flame
 11851 | Lair:2   | Reached XP level 13. HP: 104/104 MP: 18/18
 11874 | Lair:2   | Reached skill level 1 in Fire Magic
 12006 | Lair:2   | Found a staircase to the Shoals.
 12606 | Lair:3   | Found a gate leading to a gauntlet.
 12615 | Gauntlet | Entered a Gauntlet
 12615 | Gauntlet | Found a transporter.
 12631 | Gauntlet | Found a transporter.
 12634 | Gauntlet | Found a transporter.
 12635 | Gauntlet | Found a transporter.
 12642 | Gauntlet | Found a runed translucent door.
 12645 | Gauntlet | Found a transporter.
 12646 | Gauntlet | Found a transporter.
 12647 | Gauntlet | Found a transporter.
 12655 | Gauntlet | Noticed a great orb of eyes
 12658 | Gauntlet | Found a transporter.
 12659 | Gauntlet | Found a transporter.
 12663 | Gauntlet | Found a transporter.
 12667 | Gauntlet | Found a transporter.
 12670 | Gauntlet | Found a transporter.
 12671 | Gauntlet | Found a transporter.
 12679 | Gauntlet | Found a transporter.
 13011 | Gauntlet | Identified the amulet "Raickew" {Spirit Slay+6}
 13049 | Gauntlet | Noticed a minotaur
 13092 | Gauntlet | HP: 4/93 [minotaur/the +13 scythe of Curses {drain, curses,
                  | ^Drain} (1)]
 13092 | Gauntlet | Demolished by a minotaur

Illustrated notes

Levels and vault maps discovered:
D:1:      amcnicky_arrival_abandoned_market, layout_basic,
          dilly_ecumenical_altar_fadedgnrine
D:2:      layout_rooms, uniq_jessica
D:3:      layout_basic, nemelex_spade_bored_becter,
          gammafunk_temple_overflow_forgotten, gammafunk_ghost_mausoleum,
          hangedman_decor_riveting, minmay_shallow_snake_nest, uniq_grinder
D:4:      minmay_skewed_foursquare, layout_basic, amcnicky_altar_gilded,
          serial_shops, shop
D:5:      layout_gridville, vehumet_statue, nicolae_elyvilon_temple_path,
          temple_hall, serial_shops, shop
D:6:      layout_basic, grunt_tough_drop
D:7:      layout_basic, uniq_maggie
D:8:      layout_loops_cross, lair_entry_dummy, enter_bailey_2,
          reono_crystal_passage, minmay_ruffians
D:9:      layout_long_grid, serial_shops, shop, minmay_bent, uniq_joseph,
          uniq_amaemon, uniq_maurice, uniq_prince_ribbit1
Temple:   nicolae_temple_no_exploring_needed
Lair:1:   layout_roguey, lemuel_fruit_fields, grunt_megastairs_4, uniq_gastronok
Lair:2:   layout_long_grid, elwin_shoals_entry_rooms, grunt_megastairs_2,
          infiniplex_staircase_pool
Lair:3:   nzn_motion_control, layout_long_grid, guppyfry_snake_entry_garden,
          gauntlet_entry_generic, st_stairs_13, lemuel_centaur_altar
Gauntlet: gammafunk_gauntlet_77_escape_option [minmay_gauntlet_arena_77_braids,
          minmay_gauntlet_arena_77_path, minmay_gauntlet_arena_77_two_lines,
          minmay_gauntlet_arena_77_block_sizes, minmay_gauntlet_arena_77_fan,
          gauntlet_exit_watery]

Skill      XL: |  1  2  3  4  5  6  7  8  9 10 11 12 13 |
---------------+----------------------------------------+-----
Dodging        | 2 3 4 5 6 7 9 |  9.0
Fighting       | 1 2 3 4 5 6 8 9 10 | 10.4
Stealth        | 2 3 4 5 6 7 8 9 |  9.0
Polearms       | 1 2 3 4 6 7 8 9 |  9.5
Conjurations   | 3 4 |  4.6
Spellcasting   | 3 |  3.7
Armour         | 3 4 |  4.5
Air Magic      | 3 4 |  4.4
Fire Magic     | 2 |  2.6
Alchemy        | |  3.2

Action                     |  1- 3 |  4- 6 |  7- 9 | 10-12 | 13-15 || total
---------------------------+-------+-------+-------+-------+-------++-------
  Melee: Trident           |    43 |    91 |   201 |   373 |    69 ||   777
         Unarmed           |     8 |       |       |       |       ||     8
         Dagger            |       |    46 |   162 |   314 |    57 ||   579
   Cast: Sting             |     6 |       |     2 |       |       ||     8
         Mephitic Cloud    |       |       |    10 |    44 |     7 ||    61
 Invoke: Potion Petition   |       |       |       |       |     2 ||     2
  Evoke: Wand              |       |     4 |     4 |    26 |    18 ||    52
    Use: Potion            |       |     2 |     3 |     4 |     5 ||    14
         Scroll            |       |    11 |     3 |     4 |     1 ||    19
   Stab: Distracted        |     1 |     2 |     1 |     4 |       ||     8
         Sleeping          |       |     2 |     4 |     5 |     1 ||    12
         Confused          |       |       |    13 |    65 |     9 ||    87
         Invisible         |       |       |       |    20 |     3 ||    23
 Armour: Robe              |    29 |    52 |    77 |       |       ||   158
         Steam dragon scal |       |       |    36 |   139 |    22 ||   197
         Skin              |       |       |       |       |    13 ||    13
  Dodge: Dodged            |    28 |    52 |   145 |   202 |    35 ||   462

Table legend: (Time is in decaauts)
 A = Elapsed time spent in this place.
 B = Non-inter-level travel time spent in this place.
 C = Inter-level travel time spent in this place.
 D = Time resting spent in this place.
 E = Time spent auto-exploring this place.
 F = Levels seen in this place.
 G = Mean time per level.
                   A        B        C        D        E       F      G
               +--------+--------+--------+--------+--------+-----+--------+
         Total |  13010 |  12741 |    269 |   2496 |   6498 |  15 |  867.3 |
       Dungeon |   8864 |   8653 |    211 |   1403 |   5009 |   9 |  984.9 |
        Temple |     16 |      8 |      8 |      0 |      0 |   1 |   16.0 |
          Lair |   3087 |   3037 |     50 |    775 |   1395 |   3 | 1029.0 |
        Bailey |    570 |    570 |      0 |    183 |     79 |   1 |  570.0 |
      Gauntlet |    472 |    472 |      0 |    135 |     15 |   1 |  472.0 |
               +--------+--------+--------+--------+--------+-----+--------+

Top non-repeatable levels by time:
  Lair:1: 2007 daAuts
     D:8: 1264 daAuts
     D:6: 1257 daAuts
     D:9: 1236 daAuts
     D:5: 1176 daAuts
     D:1: 1018 daAuts
  Lair:2: 999 daAuts
     D:7: 888 daAuts
     D:3: 824 daAuts
     D:4: 754 daAuts
  Bailey: 570 daAuts
Gauntlet: 472 daAuts
     D:2: 443 daAuts
  Lair:3: 80 daAuts
  Temple: 16 daAuts
